 Dungeon Crawl Stone Soup version 0.31-a0-636-ge1c0e020e0 (webtiles) character file.

Game seed: 18443866465612175627

100847 Twinkles the Slayer (level 15, 0/165 HPs)
             Began as a Minotaur Berserker on Aug 26, 2023.
             Was a High Priest of Trog.
             Killed by divine providence
             ... invoked by Saint Roka
              (11 damage)
             ... on level 2 of the Orcish Mines on Aug 27, 2023.
             The game lasted 00:40:51 (24325 turns).

Twinkles the Slayer (Minotaur Berserker)           Turns: 24325, Time: 00:40:51

Health: 0/165      AC: 21    Str: 28    XL:     15   Next: 81%
Magic:  4/4        EV: 10    Int:  4    God:    Trog [*****.]
Gold:   1367       SH:  5    Dex: 11    Spells: 14/14 levels left

rFire   + + .        a - +11 battleaxe of Hell's Wrath {antimagic, rF+}
rCold   . . .        (shield currently unavailable)
rNeg    . . .        U - +2 chain mail {Will+}
rPois   .            t - +2 hat
rElec   .            L - +0 cloak
rCorr   .            f - +2 pair of gloves
SInv    .            (no boots)
Will    +....        c - amulet of reflection Stlth
                     l - ring of protection from fire
HPRegen 0.47/turn    w - +4 ring of protection
MPRegen 0.09/turn

%: reflection
@: weak-willed, on berserk cooldown, slowed, very slow
A: horns 2, retaliatory headbutt
a: Renounce Religion, Berserk, Trog's Hand, Brothers in Arms


You were on level 2 of the Orcish Mines.
You worshipped Trog.
Trog was extremely pleased with you.
You visited 3 branches of the dungeon, and saw 22 of its levels.
You also visited: Bailey.

You collected 2160 gold pieces.
You spent 793 gold pieces at shops.

Inventory:

Hand Weapons
 a - the +11 battleaxe of Hell's Wrath (weapon) {antimagic, rF+}
   (Trog gifted it to you on level 1 of the Lair of Beasts)

   rF+:       It protects you from fire.
 b - a +3 battleaxe of flaming
 e - a +1 heavy executioner's axe
 g - a +0 heavy broad axe
Missiles
 F - 3 javelins
Armour
 f - a +2 pair of gloves (worn)
 t - a +2 hat (worn)
 u - a +2 scale mail of cold resistance
 B - a +0 kite shield of reflection
 L - a +0 cloak (worn)
 U - a +2 chain mail of willpower (worn)
Jewellery
 c - an amulet of reflection (around neck)
 l - a ring of protection from fire (left hand)
 n - a ring of protection from fire
 w - a +4 ring of protection (right hand)
 z - a +6 ring of dexterity
 E - a ring of protection from cold
 K - a ring of resist corrosion
 O - an amulet of the acrobat
 W - a ring of willpower
Wands
 d - a wand of digging (5)
 j - a wand of polymorph (20)
 p - a wand of paralysis (12)
 q - a wand of flame (37)
 s - a wand of roots (12)
 y - a wand of mindburst (37)
 S - a wand of light (21)
Scrolls
 h - 5 scrolls of enchant weapon {unknown}
 i - 3 scrolls of enchant armour {unknown}
 m - 5 scrolls of immolation {unknown}
 o - 2 scrolls of revelation {unknown}
 r - 6 scrolls of amnesia {unknown}
 v - 2 scrolls of noise {unknown}
 x - 2 scrolls of blinking {unknown}
 D - 2 scrolls of fog {unknown}
 Q - a scroll of torment {unknown}
 V - 6 scrolls of vulnerability
 X - a scroll of fear {unknown}
 Y - 14 scrolls of teleportation
 Z - 5 scrolls of identify
Potions
 k - 4 potions of enlightenment
 A - a potion of attraction
 C - 3 potions of cancellation
 G - 2 potions of ambrosia
 H - 5 potions of haste
 I - 3 potions of invisibility
 J - 6 potions of curing
 M - 5 potions of might
 N - 6 potions of heal wounds
 P - 5 potions of lignification
 R - a potion of resistance
 T - a potion of berserk rage


   Skills:
 + Level 23.4 Fighting
 + Level 18.4 Axes
 - Level 3.7 Armour
 - Level 3.2 Dodging
 - Level 4.4 Shields
 + Level 11.7 Evocations


You had 14 spell levels left.
You didn't know any spells.
Your spell library was empty.

Dungeon Overview and Level Annotations

Branches:
Dungeon (15/15) Zot: 25389  Temple (0/1) D:5            Lair (5/5) D:11 Zot: 23672
 Shoals (0/4) Lair:3       Spider (0/4) Lair:2        Slime (0/5) Lair:4
    Orc (2/2) D:12 Zot: 11212  Vaults (0/5) D:13         Depths (0/4) D:15
 Bailey (visited)
    Elf: Orc:2

Altars:
Ashenzari
Cheibriados
Dithmenos
Fedhas
Gozag
Hepliaklqana
Kikubaaqudgha
Makhleb
Nemelex Xobeh
Okawaru
Sif Muna
Uskayaw
Vehumet
Zin
The Shining One
Jiyva

Shops:
D:1 ?(:!   D:8 *

Annotations:
D:3 1 runed translucent door, Crazy Yiuf, Grinder
D:7 3 exclusions
D:13 3 runed translucent doors, Nialiw's ghost, journeyman GnHu
Orc:2 Saint Roka


Innate Abilities, Weirdness & Mutations

You have a pair of horns on your head.
You reflexively headbutt those who attack you in melee.


Message History

Saint Roka mumbles some strange prayers to Beogh against you.
Beogh smites you!
The orc knight roars a battlecry!
Saint Roka hits you with a +0 battleaxe!
The orc hits you but does no damage.
The orc warrior hits you with a +0 hand axe!
You hear a shout!
Okay, then.
Unknown command.
Okay, then.
Unknown command.
Okay, then.
Unknown command.
You feel much better.
You are covered in liquid flames!
The orc priest miscasts a cantrip.
Saint Roka hits you with a +0 battleaxe!!!
* * * LOW HITPOINT WARNING * * *
The orc hits you but does no damage.
The orc knight hits you with a +0 dire flail.
* * * LOW HITPOINT WARNING * * *
The orc warrior closely misses you. You furiously retaliate!
You headbutt the orc warrior. You barely miss Saint Roka.
You headbutt Saint Roka.
Saint Roka is lightly wounded.
You hit the orc knight. You hit the orc warrior.
Saint Roka hits you with a +0 battleaxe!
* * * LOW HITPOINT WARNING * * *
The orc priest looks satisfied for a moment.
The orc hits you but does no damage.
As you read the scroll labelled WUATAG PERISH, it crumbles to dust.
Magic quickly surges around you.
It was a scroll of vulnerability.
V - 6 scrolls of vulnerability;
g - a +0 heavy broad axe The orc barely misses you.
The orc warrior hits you with a +0 hand axe!
* * * LOW HITPOINT WARNING * * *
Saint Roka mumbles some strange prayers to Beogh against you.
Beogh smites you!
You die...
Saint Roka roars, "Praise to Beogh!"

....## ..... ....#.
..... ...... .#.......
...o..#####........
........8.....#....
....................
._..o.oo))...........
......o@.o))..........
....o.o)8))))..........
......#####)...........
...... #...)..........
....# ###...#........
.... ##........... ...
#........... ..
##..........
######........


You could see Saint Roka (strong, weak-willed), 2 orc knights, 2 orc warriors, 2
orc priests and an orc (strong, weak-willed).

Vanquished Creatures
  Kirke (D:13)
  A quicksilver ooze (shapeshifter) (D:13)
  Fannar (Lair:3)
  Erolcha (D:13)
  4 vault guards (D:13)
  6 hydras
  A catoblepas (Lair:4)
  6 boulder beetles
  5 centaur warriors
  8 two-headed ogres
  A demonic crawler (Lair:2)
  2 tengu warriors
  A deep troll earth mage (D:15)
  3 orc high priests
  A deep elf knight (D:13)
  14 spriggans (Lair:5)
  Nergalle (Lair:2)
  A skeletal warrior (D:15)
  A flayed ghost (D:13)
  A skyshark (Lair:5)
  A wizard (D:13)
  A deep elf archer (D:13)
  2 orc knights
  4 deep elf pyromancers
  10 cyclopes
  13 ugly things
  2 orc sorcerers
  22 elephants
  2 gargoyles
  6 orange demons (D:11)
  13 cane toads
  5 black mambas
  Maggie (D:6)
  A torpor snail (Lair:5)
  3 rime drakes
  3 efreet
  A yaktaur (D:15)
  4 kobold demonologists
  2 unseen horrors (D:11)
  Psyche (D:9)
  8 komodo dragons
  A tengu conjurer (D:14)
  6 polar bears
  3 red devils (D:11)
  3 trolls
  3 meliai (D:15)
  10 hornets
  A blink frog (shapeshifter) (D:13)
  4 dream sheep (Lair:3)
  A raiju (shapeshifter) (D:14)
  22 blink frogs
  4 slime creatures
  A wraith (D:14)
  6 basilisks
  A vampire (Bailey)
  4 wyverns
  Grum (D:8)
  14 yaks
  7 hogs (D:13)
  3 steam dragons
  10 vampire mosquitoes
  2 wargs (Orc:1)
  An acid dragon (D:10)
  15 water moccasins
  9 ice beasts
  28 orc warriors
  2 sky beasts
  6 black bears
  3 ogres
  9 centaurs
  4 boggarts (Lair:5)
  39 wolves
  A phantom (D:7)
  3 kobold brigands (D:9)
  A gnoll sergeant (D:7)
  Blork the orc (D:6)
  12 bullfrogs
  7 scorpions
  11 wights
  4 killer bees
  7 vampire bats (Bailey)
  6 howler monkeys
  4 electric eels
  6 wolf zombies (Bailey)
  3 hounds
  3 jellies
  13 orc priests
  3 gnoll boudas
  2 sleepcaps
  Jessica (D:3)
  4 iguanas
  21 orc wizards
  15 gnolls
  10 adders
  4 shadow imps
  A white imp (D:8)
  3 ufetubi
  3 worms
  A dart slug (D:1)
  77 orcs
  8 ball pythons
  10 endoplasms
  3 giant cockroaches (D:1)
  9 goblins
  13 hobgoblins
  2 quokkas
  8 bats
  2 frilled lizards
  8 kobolds
  19 orc zombies (Bailey)
  5 rats
702 creatures vanquished.

Vanquished Creatures (collateral kills)
  4 vault guards (D:13)
  An efreet (D:13)
  A howler monkey (D:13)
6 creatures vanquished.

Vanquished Creatures (others)
  A tengu conjurer (D:14)
  An orc wizard (Orc:1)
  An orc (Orc:1)
3 creatures vanquished.

Grand Total: 711 creatures vanquished

Notes
Turn   | Place    | Note
-------+----------+-------------------------------------------
     0 | D:1      | Twinkles the Minotaur Berserker began the quest for the
                  | Orb.
     0 | D:1      | Reached XP level 1. HP: 19/19 MP: 0/0
   177 | D:1      | Found Quepti's Book Emporium.
   199 | D:1      | Reached XP level 2. HP: 27/27 MP: 1/1
   394 | D:1      | Found Fabig's Distillery.
   408 | D:1      | Bought a potion of curing for 36 gold pieces
   508 | D:1      | Found Nirph's Magic Scroll Boutique.
   513 | D:1      | Reached skill level 4 in Fighting
   513 | D:1      | Reached ** piety under Trog
   628 | D:1      | Found Leren's Antique Weapon Shop.
   689 | D:1      | Reached XP level 3. HP: 32/33 MP: 2/2
   797 | D:2      | HP: 7/33 [adder (3)]
   958 | D:2      | Found an iron altar of Okawaru.
  1143 | D:2      | Found a faded altar of an unknown god.
  1562 | D:3      | Noticed Grinder
  1611 | D:3      | Noticed Jessica
  1614 | D:3      | Killed Jessica
  1615 | D:3      | Reached XP level 4. HP: 37/41 MP: 3/3
  1846 | D:3      | Noticed a scorpion
  1857 | D:3      | Killed a scorpion
  1858 | D:3      | Reached skill level 5 in Fighting
  1858 | D:3      | Reached skill level 5 in Axes
  1858 | D:3      | Reached XP level 5. HP: 48/48 MP: 4/4
  2489 | D:4      | Reached *** piety under Trog
  2753 | D:4      | Reached XP level 6. HP: 47/56 MP: 5/5
  2880 | D:4      | Found a snail-covered altar of Cheibriados.
  3211 | D:4      | Reached skill level 6 in Fighting
  3520 | D:3      | Found a runed translucent door.
  3521 | D:3      | Noticed Crazy Yiuf
  3615 | D:5      | Entered Level 5 of the Dungeon
  3745 | D:5      | Found a staircase to the Ecumenical Temple.
  3864 | D:5      | Reached XP level 7. HP: 29/64 MP: 6/6
  4050 | D:5      | Reached skill level 7 in Fighting
  4179 | D:1      | Bought a glowing broad axe for 189 gold pieces
  4286 | D:5      | Noticed a vampire mosquito
  4291 | D:5      | Killed a vampire mosquito
  4508 | D:6      | Reached skill level 8 in Fighting
  4512 | D:6      | Reached XP level 8. HP: 66/74 MP: 7/7
  4551 | D:6      | Found a hide-covered altar of Uskayaw.
  4587 | D:6      | Noticed Blork the orc
  4600 | D:5      | Reached **** piety under Trog
  4734 | D:6      | Reached skill level 9 in Fighting
  4750 | D:6      | Noticed Maggie
  4760 | D:6      | Killed Maggie
  4816 | D:6      | Killed Blork the orc
  4861 | D:6      | Reached skill level 10 in Fighting
  4861 | D:6      | Reached skill level 10 in Axes
  4917 | D:6      | Noticed a two-headed ogre
  4922 | D:6      | Killed a two-headed ogre
  4923 | D:6      | Reached XP level 9. HP: 86/86 MP: 8/8
  5070 | D:6      | Reached skill level 11 in Fighting
  5131 | D:6      | Found an ancient bone altar of Kikubaaqudgha.
  5203 | D:6      | Found a glowing silver altar of Zin.
  5817 | D:7      | Found a flagged portal.
  5830 | Bailey   | Entered a bailey
  5933 | Bailey   | Noticed a gargoyle
  5936 | Bailey   | Killed a gargoyle
  5937 | Bailey   | Reached skill level 12 in Fighting
  6113 | Bailey   | Identified the +0 robe of Aheetest {rPois Int-4 Archmagi}
  6157 | Bailey   | Reached XP level 10. HP: 99/99 MP: 9/9
  6260 | Bailey   | Reached ***** piety under Trog
  6783 | D:7      | Paralysed by a hornet for 2 turns
  6787 | D:7      | Reached skill level 13 in Fighting
  7474 | D:1      | Bought a potion of heal wounds for 60 gold pieces
  7474 | D:1      | Bought a potion of heal wounds for 60 gold pieces
  7474 | D:1      | Bought a potion of degeneration for 12 gold pieces
  7525 | D:1      | Bought a scroll of identify for 26 gold pieces
  7525 | D:1      | Bought a scroll of teleportation for 39 gold pieces
  7525 | D:1      | Bought a scroll of teleportation for 39 gold pieces
  7562 | D:1      | Bought a fine glaive for 310 gold pieces
  7562 | D:1      | Identified the +5 glaive of Eternal Vigilance {heavy, MP+9}
                  | (You bought it in a shop on level 1 of the Dungeon)
  7853 | D:8      | Found Naelogh's Assorted Antiques.
  7860 | D:8      | Bought a scroll labelled LEACUO SENAX for 22 gold pieces
  7901 | D:8      | Noticed a two-headed ogre
  7907 | D:8      | Killed a two-headed ogre
  7932 | D:8      | Noticed Grum
  7940 | D:8      | Killed Grum
  8346 | D:8      | Reached skill level 14 in Fighting
  8526 | D:8      | Found a glowing golden altar of the Shining One.
  8757 | D:9      | Noticed a sixfirhy
  8812 | D:9      | Noticed a two-headed ogre
  8821 | D:9      | Killed a two-headed ogre
  8822 | D:9      | Reached XP level 11. HP: 111/111 MP: 10/10
  8913 | D:9      | Found a radiant altar of Vehumet.
  8925 | D:9      | Received a gift from Trog
  9305 | D:9      | Found a burning altar of Makhleb.
  9305 | D:9      | Found a hazy altar of Hepliaklqana.
  9312 | D:9      | Found a blossoming altar of Fedhas.
  9315 | D:9      | Found a shadowy altar of Dithmenos.
  9315 | D:9      | Found a sparkling altar of Nemelex Xobeh.
  9322 | D:9      | Found an opulent altar of Gozag.
  9323 | D:9      | Found an iron altar of Okawaru.
  9393 | D:9      | Noticed Psyche
  9399 | D:9      | Killed Psyche
 10011 | D:10     | Entered Level 10 of the Dungeon
 10093 | D:10     | Reached skill level 15 in Fighting
 10093 | D:10     | Reached skill level 15 in Axes
 10270 | D:10     | Noticed a two-headed ogre
 10277 | D:10     | Killed a two-headed ogre
 10306 | D:10     | Found a broken altar of Ashenzari.
 10387 | D:10     | Paralysed by a hornet for 3 turns
 10456 | D:10     | Noticed a two-headed ogre
 10461 | D:10     | Killed a two-headed ogre
 10462 | D:10     | Reached skill level 1 in Evocations
 10952 | D:11     | Noticed a purple ugly thing
 11509 | D:11     | Reached skill level 16 in Fighting
 11546 | D:11     | Reached XP level 12. HP: 85/122 MP: 11/11
 11942 | D:11     | Found a staircase to the Lair.
 11962 | D:11     | Reached skill level 5 in Evocations
 12194 | D:11     | Noticed a two-headed ogre
 12198 | D:11     | Killed a two-headed ogre
 12394 | Lair:1   | Entered Level 1 of the Lair of Beasts
 12658 | Lair:1   | Reached skill level 17 in Fighting
 13087 | Lair:1   | Identified the +11 battleaxe of Hell's Wrath {antimagic,
                  | rF+} (Trog gifted it to you on level 1 of the Lair of
                  | Beasts)
 13087 | Lair:1   | Received a gift from Trog
 13551 | Lair:2   | Found a hole to the Spider Nest.
 13561 | Lair:2   | Noticed a demonic crawler
 13568 | Lair:2   | Killed a demonic crawler
 13772 | Lair:2   | Reached skill level 18 in Fighting
 13852 | Lair:2   | Reached XP level 13. HP: 127/134 MP: 4/12
 14625 | Lair:2   | Reached skill level 19 in Fighting
 14698 | Lair:2   | Noticed Nergalle
 14708 | Lair:2   | Killed Nergalle
 15353 | Lair:3   | Found a staircase to the Shoals.
 15731 | Lair:3   | Noticed Fannar
 15748 | Lair:3   | Reached skill level 20 in Fighting
 15748 | Lair:3   | Killed Fannar
 16734 | Lair:4   | Received a gift from Trog
 16753 | Lair:4   | Reached skill level 21 in Fighting
 16792 | Lair:4   | Found a staircase to the Slime Pits.
 16807 | Lair:4   | Found a viscous altar of Jiyva.
 17107 | Lair:5   | Entered Level 5 of the Lair of Beasts
 17124 | Lair:5   | Reached skill level 1 in Shields
 17208 | Lair:5   | Reached XP level 14. HP: 130/151 MP: 4/13
 17381 | Lair:5   | Identified the staff "Deasydak" {rElec Str+3 SInv Air}
 17533 | Lair:5   | Reached ****** piety under Trog
 17533 | Lair:5   | Received a gift from Trog
 18915 | D:12     | Reached skill level 22 in Fighting
 19329 | D:12     | Found a staircase to the Orcish Mines.
 19638 | D:13     | HP: 43/154 [two-headed ogre/+0 giant club (8)]
 19902 | D:13     | Noticed Erolcha
 19906 | D:13     | Killed Erolcha
 20319 | D:13     | Reached skill level 10 in Evocations
 20462 | D:13     | a great orb of eyes changed into a quicksilver ooze
 20462 | D:13     | Noticed a quicksilver ooze (shapeshifter)
 20468 | D:13     | Killed a quicksilver ooze
 20736 | D:13     | Found a runed translucent gate.
 20738 | D:13     | Found a runed translucent gate.
 20739 | D:13     | Found a runed translucent gate.
 20764 | D:13     | Noticed Nialiw's ghost (journeyman GnHu)
 20784 | D:13     | Found a gate to the Vaults.
 20798 | D:13     | Reached XP level 15. HP: 162/162 MP: 4/14
 21411 | D:13     | Noticed Kirke
 21423 | D:13     | Killed Kirke
 21915 | D:14     | You fall into a shaft and drop 1 floor!
 21915 | D:15     | Entered Level 15 of the Dungeon
 22039 | D:15     | Found a staircase to the Depths.
 22052 | D:15     | Reached skill level 23 in Fighting
 22061 | D:15     | HP: 71/244 [orc knight/+0 war axe (10)]
 22376 | D:14     | Received a gift from Trog
 22802 | D:15     | Identified the amulet "Liguinan" {Faith -Tele rN++ Stlth+}
 23254 | D:15     | Found a shimmering blue altar of Sif Muna.
 23521 | Orc:1    | Entered Level 1 of the Orcish Mines
 24143 | Orc:2    | Entered Level 2 of the Orcish Mines
 24208 | Orc:2    | Received a gift from Trog
 24305 | Orc:2    | Noticed Saint Roka
 24323 | Orc:2    | HP: 45/165 [Saint Roka/+0 battleaxe (38)]
 24325 | Orc:2    | HP: 11/165 [orc warrior/+0 hand axe (13)]
 24325 | Orc:2    | Killed from afar by Saint Roka

Illustrated notes

Levels and vault maps discovered:
D:1:      psy_arrival_dodecagon, layout_basic, serial_shops, shop,
          nicolae_shop_rolling_square, nicolae_shop_industrial_runoff, shop
D:2:      layout_basic, chequers_ecumenical_altar_grove, basic_altar,
          nicolae_underground_beach
D:3:      wad_pebble_path, layout_loops_ring, chequers_serial_rivers_small_3,
          uniq_jessica, uniq_grinder, uniq_crazy_yiuf_cottage
D:4:      layout_loops_ring, mainiacjoe_overflow_surrounded_room
D:5:      layout_basic, minmay_temple_entry_statues_pillars, minmay_small_thing
D:6:      layout_basic, zin_scriptorium, mainiacjoe_overflow_24_doors,
          nicolae_uskayaw_dance_hall, uniq_blork_the_orc, uniq_maggie
D:7:      minmay_polygon_palace, layout_basic, enter_bailey_4
D:8:      layout_basic, mainiacjoe_overflow_alcove_1, serial_corexii_hall,
          corexii_hall_statues_x, corexii_hall_statues_u,
          corexii_hall_statues_s, chequers_hall_statues_corner_a,
          corexii_hall_statues_u, corexii_hall_statues_i, serial_shops,
          nicolae_shop_crystal, hangedman_abyss_or_decor_clamps, uniq_grum
D:9:      nicolae_cairo_tiling_large_dashed, layout_basic, fiery_altar_vehumet,
          nicolae_overflow_hallway_of_the_gods, serial_bayou,
          serial_bayou_crossing, serial_bayou_pond_c, serial_bayou_pond_e,
          serial_bayou_lagoon_b, special_room [special_room_kobold],
          minmay_misc_feat_four_crosses, uniq_psyche
D:10:     layout_irregular_city, mainiacjoe_overflow_cross_hatched
D:11:     layout_roguey, hellmonk_lair_entry_icy, minmay_beelzebubs_servants
D:12:     layout_rooms, orc_0_dummy
D:13:     cheibrodos_fzero, layout_layer_cave, erik_vaults_2,
          ebering_ghost_rock_garden, uniq_erolcha, uniq_kirke
D:14:     layout_cave_pools, minmay_misc_feat_tiny
D:15:     hellmonk_depths_entry_around_the_bend, layout_long_grid, led_sif_pool,
          hangedman_abyss_or_decor_passed
Lair:1:   layout_cave_pods, nicolae_quartered_pool_little, grunt_megastairs_1
Lair:2:   layout_regular_city, nicolae_spider_entry_non_spiders, uniq_nergalle
Lair:3:   layout_cave_pods, elwin_shoals_entry_rocks, uniq_fannar
Lair:4:   layout_cave_pods, nicolae_slime_entry_field_trip
Lair:5:   minmay_lair_end_enchanted_forest, layout_regular_city,
          lemuel_fruit_tree
Orc:1:    layout_caves, basic_altar, nicolae_orc_sculptors_studio
Orc:2:    grunt_orc_cross, layout_caves

Skill      XL: |  1  2  3  4  5  6  7  8  9 10 11 12 13 14 15 |
---------------+----------------------------------------------+-----
Fighting       | 4 5 6 8 10 12 14 16 18 21 22 23 | 23.4
Axes           | 4 5 6 8 10 12 14 16 17 18 | 18.4
Armour         | 3 |  3.7
Dodging        | 3 |  3.2
Evocations     | 4 8 10 11 | 11.7
Shields        | 2 4 |  4.4

Action                     |  1- 3 |  4- 6 |  7- 9 | 10-12 | 13-15 || total
---------------------------+-------+-------+-------+-------+-------++-------
  Melee: Hand axe          |    94 |   144 |     9 |       |       ||   247
         Headbutt          |     7 |    26 |    18 |    95 |   148 ||   294
         Punch             |     1 |     1 |     1 |     1 |       ||     4
         Broad axe         |       |       |   108 |   117 |       ||   225
         Glaive            |       |       |       |    11 |       ||    11
         Battleaxe         |       |       |       |   276 |   709 ||   985
 Invoke: Berserk           |       |     1 |     6 |     5 |     9 ||    21
         Trog's Hand       |       |       |     1 |     4 |     3 ||     8
         Brothers in Arms  |       |       |       |       |     1 ||     1
  Evoke: Wand              |       |       |       |     7 |       ||     7
    Use: Scroll            |       |       |     1 |     9 |     6 ||    16
         Potion            |       |       |       |       |     2 ||     2
   Stab: Sleeping          |     1 |       |       |       |       ||     1
 Armour: Animal skin       |    19 |       |       |       |       ||    19
         Ring mail         |       |    57 |    61 |       |       ||   118
         Scale mail        |       |       |     7 |   287 |   337 ||   631
         Chain mail        |       |       |       |       |    21 ||    21
  Dodge: Dodged            |    68 |    72 |    92 |   215 |   327 ||   774
  Block: Other             |       |       |    26 |   108 |   163 ||   297
         Reflection        |       |       |     1 |     9 |    10 ||    20

Table legend: (Time is in decaauts)
 A = Elapsed time spent in this place.
 B = Non-inter-level travel time spent in this place.
 C = Inter-level travel time spent in this place.
 D = Time resting spent in this place.
 E = Time spent auto-exploring this place.
 F = Levels seen in this place.
 G = Mean time per level.
                   A        B        C        D        E       F      G
               +--------+--------+--------+--------+--------+-----+--------+
         Total |  24606 |  22850 |   1756 |   1037 |  17977 |  23 | 1069.8 |
       Dungeon |  16816 |  15411 |   1405 |    816 |  11992 |  15 | 1121.1 |
          Lair |   6327 |   6004 |    323 |     41 |   5110 |   5 | 1265.4 |
  Orcish Mines |    786 |    758 |     28 |     33 |    554 |   2 |  393.0 |
        Bailey |    676 |    676 |      0 |    146 |    321 |   1 |  676.0 |
               +--------+--------+--------+--------+--------+-----+--------+

Top non-repeatable levels by time:
    D:13: 1971 daAuts
  Lair:5: 1487 daAuts
  Lair:2: 1399 daAuts
     D:9: 1372 daAuts
    D:11: 1360 daAuts
    D:15: 1311 daAuts
  Lair:3: 1247 daAuts
  Lair:1: 1211 daAuts
     D:4: 1183 daAuts
     D:7: 1172 daAuts
     D:6: 1126 daAuts
    D:10: 1076 daAuts
     D:1: 1028 daAuts
     D:2: 986 daAuts
  Lair:4: 982 daAuts
